 Dungeon Crawl Stone Soup version 0.29-a0-419-g77450f2105 (webtiles) character file.

Game seed: 18160044705192989673

3078 KristoblXynda the Grappler (level 9, -12/86 HPs)
             Began as a Green Draconian Transmuter on May 18, 2022.
             Was a Believer of Dithmenos.
             Mangled by Joseph
             ... wielding a +0 quarterstaff
              (19 damage)
             ... on level 7 of the Dungeon.
             The game lasted 00:11:02 (9130 turns).

KristoblXynda the Grappler (DrTm)                   Turns: 9130, Time: 00:11:02

Health: -12/86     AC:  9    Str: 15    XL:     9   Next: 58%
Magic:  0/12       EV: 14    Int: 15    God:    Dithmenos [**....]
Gold:   304        SH:  0    Dex: 12    Spells: 7/12 levels left

rFire   . . .      SeeInvis .     - Unarmed
rCold   . . .      Faith    .   (no shield)
rNeg    . . .      Spirit   +   (body armour unavailable)
rPois   +          Reflect  .   (helmet restricted)
rElec   .          Harm     .   c - +1 cloak
rCorr   .          Rampage  .   (no gloves)
Will    .....                   (no boots)
Stlth   +.........              d - amulet of guardian spirit
HPRegen 0.24/turn               (no ring)
MPRegen 0.13/turn               (no ring)

@: wreathed by umbra
A: breathe noxious fumes, AC +7, unfitting armour, poison resistance,
cold-blooded, stinger 1, talons 1, robust 1, wild magic 1
a: Breathe Noxious Fumes, Renounce Religion, Shadow Step


You were on level 7 of the Dungeon.
You worshipped Dithmenos.
Dithmenos was pleased with you.
You visited 2 branches of the dungeon, and saw 8 of its levels.

You collected 304 gold pieces.

Inventory:

Armour
 c - a +1 cloak (worn)
Jewellery
 a - an amulet of reflection
 d - an amulet of guardian spirit (around neck)
Scrolls
 b - 5 scrolls of fog
 f - a scroll of fear {unknown}
 g - a scroll of vulnerability {unknown}
 i - a scroll of teleportation
 j - a scroll of magic mapping {unknown}
 l - a scroll of enchant armour
 o - a scroll of amnesia {unknown}
Potions
 e - a potion of heal wounds
 h - a potion of curing
 k - a potion of cancellation {unknown}
 m - 2 potions of lignification
 n - a potion of experience {unknown}
 p - 2 potions of might
 q - a potion of mutation
 r - a potion of flight {unknown}


   Skills:
 + Level 7.2 Fighting
 + Level 7.1 Dodging
 + Level 8.2 Unarmed Combat
 - Level 2.0 Spellcasting
 + Level 5.2 Transmutations


You had 7 spell levels left.
You knew the following spells:

 Your Spells              Type           Power      Damage    Failure   Level
a - Beastly Appendage     Tmut           44%        N/A       4%          1
b - Ice Form              Ice/Tmut       12%        N/A       67%         4

Your spell library contained the following spells:

 Spells                   Type           Power      Damage    Failure   Level
 Wereblood                Tmut           22%        N/A       7%          2
 Spider Form              Tmut/Pois      12%        N/A       30%         3


Dungeon Overview and Level Annotations

Branches:
Dungeon (7/15)             Temple (1/1) D:4

Altars:
Ashenzari
Cheibriados
Dithmenos
Elyvilon
Fedhas
Gozag
Kikubaaqudgha
Makhleb
Nemelex Xobeh
Okawaru
Qazlal
Sif Muna
Trog
Uskayaw
Vehumet
Wu Jian
Xom
Yredelemnul
Zin
The Shining One

Shops:
D:1 [

Annotations:
D:7 2 runed translucent doors, Joseph


Innate Abilities, Weirdness & Mutations

You can breathe blasts of noxious fumes.
Your lurid green scales are hard. (AC +7)
You cannot fit into any form of body armour.
Your system is resistant to poisons. (rPois)
You are cold-blooded and may be slowed by cold attacks.
Your tail ends in a venomous barb.
You have sharp toenails.
You are robust. (+10% HP)
Your spells are a little harder to cast, but a little more powerful.


Message History

You are too injured to fight recklessly!
You barely miss Prince Ribbit.
Your tail-slap misses Prince Ribbit.
Prince Ribbit is severely wounded.
Prince Ribbit looks more healthy.
You hit Prince Ribbit. You claw Prince Ribbit.
Prince Ribbit is almost dead.
Joseph is engulfed in noxious fumes.
Joseph appears confused.
You hit Prince Ribbit.
You kill Prince Ribbit!
Dithmenos accepts your kill.
You can now step into the shadows of nearby creatures.
You barely miss Joseph. You claw Joseph.
Joseph is heavily wounded.
You punch Joseph!
Joseph is heavily wounded.
You hit Joseph but do no damage. You claw Joseph, but do no damage.
You punch Joseph, but do no damage.
Joseph is heavily wounded.
You catch the helpless Joseph completely off-guard!
You hit Joseph. You claw Joseph.
Joseph is heavily wounded.
Joseph hits you with a +0 quarterstaff!
* * * LOW HITPOINT WARNING * * *
You barely miss Joseph. You claw Joseph, but do no damage.
You tail-slap Joseph.
Joseph is poisoned.
Joseph is severely wounded.
You barely miss Joseph. You claw Joseph, but do no damage.
Joseph is severely wounded.
You catch the helpless Joseph completely off-guard!
You hit Joseph.
Your tail-slap misses Joseph.
Joseph is severely wounded.
You punch Joseph!
Joseph is almost dead.
You have got your breath back.
Joseph seems less confused.
Joseph hits you with a +0 quarterstaff!
* * * LOW HITPOINT WARNING * * *
You closely miss Joseph. Your kick misses Joseph.
Joseph is almost dead.
Joseph hits you with a +0 quarterstaff!!
You die...

# ......# ###.....# #.
##.. ...###.......#
#.#... ......†..###.#
.... ###..##.## #.#
##.####...#.## ##.
#...........# #.
#...........# ##.
##....#####..### #..
#.@@.#..###....#..##
#.......####.....##...##
#.......# #.##..###..#
#.......# #.###.# ....#
#......## .## #.##. #.
..#.... .. #.#.. ## #
##... #.# #.. # ##.. ..
.. ..... .#. .##..


You could see Joseph (poisoned).

Vanquished Creatures
  Pikel (D:5)
  Maggie (D:6)
  Prince Ribbit (D:7)
  Sigmund (D:2)
  Eustachio (D:4)
  Menkaure (D:4)
  Edmund (D:5)
  A water moccasin (D:7)
  Duvessa (D:4)
  An ice beast (D:6)
  3 ogres
  A centaur (D:5)
  4 lemures (D:5)
  A phantom (D:5)
  Blork the orc (D:5)
  A bullfrog (D:4)
  A necrophage (D:4)
  A scorpion (D:4)
  Dowan (D:4)
  4 hounds
  2 orc priests (D:3)
  3 jellies
  An iguana (D:4)
  2 orc wizards (D:6)
  Natasha (D:2)
  Robin (D:2)
  8 adders
  A river rat (D:3)
  A shadow imp (D:6)
  A white imp (D:6)
  3 ufetubi
  3 worms (D:3)
  3 dart slugs
  26 orcs
  11 ball pythons
  4 bats
  9 endoplasms
  5 giant cockroaches
  25 goblins
  10 hobgoblins
  4 kobolds
  2 quokkas
  2 frilled lizards (D:1)
  7 rats
163 creatures vanquished.

Vanquished Creatures (others)
  40 fungi (D:7)
  17 plants (D:3)
57 creatures vanquished.

Grand Total: 220 creatures vanquished

Notes
Turn   | Place    | Note
-------+----------+-------------------------------------------
     0 | D:1      | KristoblXynda the Draconian Transmuter began the quest for
                  | the Orb.
     0 | D:1      | Reached XP level 1. HP: 16/16 MP: 3/3
   437 | D:1      | Found Bamuguw's Armour Emporium.
   510 | D:1      | Reached XP level 2. HP: 16/23 MP: 5/5
   714 | D:1      | Found a faded altar of an unknown god.
  1445 | D:2      | Reached XP level 3. HP: 11/28 MP: 3/6
  1848 | D:2      | Noticed Robin
  1892 | D:2      | Killed Robin
  2204 | D:2      | Found a radiant altar of Vehumet.
  2212 | D:2      | Reached XP level 4. HP: 35/35 MP: 7/7
  2366 | D:2      | Noticed Natasha
  2378 | D:2      | Killed Natasha
  2579 | D:2      | Found a shimmering altar of Xom.
  2650 | D:2      | Noticed Sigmund
  2680 | D:2      | Killed Sigmund
  2681 | D:2      | Reached skill level 4 in Unarmed Combat
  2681 | D:2      | Reached XP level 5. HP: 11/40 MP: 2/8
  3064 | D:3      | Found a basalt altar of Yredelemnul.
  3088 | D:3      | Reached XP level 6. HP: 47/47 MP: 6/9
  3375 | D:3      | Found a shimmering altar of Xom.
  4594 | D:4      | Noticed Eustachio
  4644 | D:4      | Gained mutation: Your tail ends in a venomous barb. [potion
                  | of mutation]
  4644 | D:4      | Gained mutation: Potions are less effective at restoring
                  | your health. [potion of mutation]
  4644 | D:4      | Gained mutation: You are clumsy. (Dex -2) [potion of
                  | mutation]
  4644 | D:4      | Gained mutation: Your spells are a little harder to cast,
                  | but a little more powerful. [potion of mutation]
  4713 | D:4      | Killed Eustachio
  4714 | D:4      | Reached skill level 5 in Unarmed Combat
  4714 | D:4      | Your scales start taking on a lurid green colour.
  4714 | D:4      | Reached XP level 7. HP: 8/55 MP: 5/10
  4714 | D:4      | Gained mutation: Your system is resistant to poisons.
                  | (rPois) [Green Draconian growth]
  4974 | D:4      | Lost mutation: You are clumsy. (Dex -2) [potion of
                  | mutation]
  4974 | D:4      | Lost mutation: Potions are less effective at restoring your
                  | health. [potion of mutation]
  4974 | D:4      | Gained mutation: You are robust. (+10% HP) [potion of
                  | mutation]
  4974 | D:4      | Gained mutation: You have sharp toenails. [potion of
                  | mutation]
  5107 | D:4      | Found a staircase to the Ecumenical Temple.
  5219 | Temple   | Entered the Ecumenical Temple
  5339 | Temple   | Became a worshipper of Dithmenos the Shadowed
  5497 | D:4      | Learned a level 4 spell: Ice Form
  5841 | D:4      | Noticed Duvessa
  5843 | D:4      | Noticed Dowan
  5875 | D:4      | Killed Duvessa
  5876 | D:4      | Reached skill level 5 in Dodging
  5876 | D:4      | Reached skill level 6 in Unarmed Combat
  5884 | D:4      | Killed Dowan
  5889 | D:4      | Reached XP level 8. HP: 42/72 MP: 3/11
  6045 | D:4      | Found a snail-covered altar of Cheibriados.
  6214 | D:4      | Reached * piety under Dithmenos
  6318 | D:4      | Noticed Menkaure
  6325 | D:4      | Killed Menkaure
  6708 | D:5      | Entered Level 5 of the Dungeon
  6728 | D:5      | Noticed Blork the orc
  6736 | D:5      | Killed Blork the orc
  6769 | D:5      | Noticed Edmund
  6804 | D:5      | Killed Edmund
  6805 | D:5      | Reached skill level 5 in Fighting
  7087 | D:5      | Found an ornate altar of the Wu Jian Council.
  7088 | D:5      | Noticed Pikel
  7142 | D:5      | Killed Pikel
  7143 | D:5      | Reached skill level 7 in Unarmed Combat
  7384 | D:5      | Reached XP level 9. HP: 74/82 MP: 12/12
  7857 | D:6      | Noticed Maggie
  7872 | D:6      | Killed Maggie
  8951 | D:6      | Reached skill level 8 in Unarmed Combat
  9028 | D:7      | Reached skill level 5 in Transmutations
  9051 | D:7      | Found a runed translucent gate.
  9051 | D:7      | Found a runed translucent gate.
  9079 | D:7      | Noticed Joseph
  9089 | D:7      | Noticed Prince Ribbit
  9118 | D:7      | Killed Prince Ribbit
  9118 | D:7      | Reached ** piety under Dithmenos
  9130 | D:7      | Mangled by Joseph

Illustrated notes

Levels and vault maps discovered:
D:1:      lightli_arrival_chessboard, layout_basic,
          dilly_ecumenical_altar_fadedgnrine, serial_shops, shop
D:2:      layout_loops_ring, basic_altar, minmay_strange_pillars,
          small_statue_intersection, minmay_hexomino_r4, uniq_natasha,
          uniq_robin, uniq_sigmund
D:3:      layout_loops_ring, mainiacjoe_overflow_chevrons,
          mainiacjoe_overflow_boulevard, gup_sewer_entry_spiral
D:4:      layout_layer_cave, mainiacjoe_overflow_small_starburst,
          minmay_temple_entry_grid, minmay_misc_feat_rugged, minmay_between,
          uniq_duvessa, uniq_menkaure, uniq_eustachio
D:5:      layout_cave_pools, nicolae_wu_jian_immortal_techniques, minivault_19,
          uniq_pikel, uniq_blork_the_orc, uniq_edmund
D:6:      layout_basic, minmay_ogre_servants, uniq_maggie
D:7:      layout_layer_cave, mainiacjoe_overflow_catch_the_wave,
          ebering_ghost_rock_garden, uniq_joseph, uniq_prince_ribbit1
Temple:   regret_index_temple_waves

Skill      XL: |  1  2  3  4  5  6  7  8  9 |
---------------+----------------------------+-----
Dodging        | 2 3 4 5 6 7 |  7.1
Transmutations | 3 4 5 |  5.2
Unarmed Combat | 4 5 6 7 8 |  8.2
Fighting       | 2 4 6 7 |  7.2
Spellcasting   | |  2.0

Action                   |  1- 3 |  4- 6 |  7- 9 || total
-------------------------+-------+-------+-------++-------
Melee: Unarmed           |   127 |   327 |   324 ||   778
       Tailslap          |    11 |    34 |    50 ||    95
       Punch             |     4 |     5 |    11 ||    20
       Kick              |       |       |   108 ||   108
 Abil: Breathe Noxious F |       |       |    10 ||    10
  Use: Scroll            |     2 |     5 |     4 ||    11
       Potion            |       |     3 |     3 ||     6
 Stab: Sleeping          |     1 |       |     1 ||     2
       Confused          |       |       |     9 ||     9
Armor: Skin              |    34 |   132 |    74 ||   240
Dodge: Dodged            |    76 |   234 |   185 ||   495

Table legend: (Time is in decaauts)
 A = Elapsed time spent in this place.
 B = Non-inter-level travel time spent in this place.
 C = Inter-level travel time spent in this place.
 D = Time resting spent in this place.
 E = Time spent auto-exploring this place.
 F = Levels seen in this place.
 G = Mean time per level.
                   A        B        C        D        E       F      G
               +--------+--------+--------+--------+--------+-----+--------+
         Total |   9105 |   8887 |    218 |   2367 |   5009 |   8 | 1138.1 |
       Dungeon |   8961 |   8780 |    181 |   2367 |   4922 |   7 | 1280.1 |
        Temple |    144 |    107 |     37 |      0 |     87 |   1 |  144.0 |
               +--------+--------+--------+--------+--------+-----+--------+

Top non-repeatable levels by time:
     D:4: 1975 daAuts
     D:2: 1652 daAuts
     D:3: 1526 daAuts
     D:1: 1414 daAuts
     D:6: 1275 daAuts
     D:5: 989 daAuts
  Temple: 144 daAuts
     D:7: 127 daAuts
